[Event "Team 45 45 League T49"]
[Site "Internet Chess Club"]
[Date "2011.06.03"]
[Round "4"]
[White "j65536d"]
[Black "Hal2001"]
[Result "1-0"]
[WhiteElo "1787"]
[BlackElo "1699"]
[Opening "Sicilian: Hungarian variation"]
[ECO "B34"]
[Time "22:30:27"]
[TimeControl "2700+45"]

1. e4 c5 2. Nf3 g6 3. d4 cxd4 4. Nxd4 Nc6 5. Be3 Nf6 6. Nc3 Bg7 7. f3 O-O 8. Qd2
d5 9. exd5 Nxd5 10. Nxd5 Qxd5 11. c3 Rd8 12. Nxc6 bxc6 13. Bc4 Qa5 14. Qe2 Bxc3+
15. bxc3 Qxc3+ 16. Kf2 Bf5 17. Rac1 Qb4 18. Rhd1 Rdb8 19. Bb3 Rc8 20. Bc5 Qh4+
21. Kg1 Rc7 22. Qe5 Rac8 23. Bd4 Qf6 24. Qf4 Qd6 25. Be5 {Black resigns} 1-0

[Event "Team 45 45 League T49"]
[Site "Internet Chess Club"]
[Date "2011.06.02"]
[Round "4"]
[White "rahulr"]
[Black "ChessicalZ"]
[Result "1-0"]
[WhiteElo "1629"]
[BlackElo "1643"]
[Opening "Réti opening"]
[ECO "A04"]
[Time "14:00:25"]
[TimeControl "2700+45"]

1. Nf3 b6 2. g3 Bb7 3. Bg2 Nf6 4. O-O e6 5. d3 d5 6. c4 c6 7. Bg5 Be7 8. Nbd2
Nbd7 9. cxd5 cxd5 10. d4 O-O 11. Ne5 Nxe5 12. dxe5 Nd7 13. Bxe7 Qxe7 14. e4 Nxe5
15. exd5 Bxd5 16. Bxd5 exd5 17. Re1 Qf6 18. Qb3 Rfe8 19. f4 Ng4 20. Nf3 Qd6 21.
h3 Qc5+ 22. Kh1 Rxe1+ 23. Rxe1 Nf2+ 24. Kg2 Ne4 25. Qe3 Rc8 26. Nd4 h5 27. Re2
Qe7 28. Nf5 Qf6 29. Nd4 h4 30. g4 g6 31. Nb5 Qe7 32. Nc3 Qd6 33. Nxe4 dxe4 34.
Qxe4 g5 35. Qe5 Qxe5 36. fxe5 Rc6 37. Kf3 Rc4 38. Rd2 a5 39. Ke3 Kf8 40. Kd3 Rc5
41. Ke4 Ke7 42. Rd6 Rb5 43. b3 Rb4+ 44. Kf5 Rf4+ 45. Kxg5 Rf2 46. Kxh4 Rxa2 47.
Rxb6 Re2 48. Rb5 Re3 49. g5 Kf8 50. Kg4 Kg7 51. h4 Re4+ 52. Kh5 a4 53. bxa4 Rxa4
54. Rb6 Re4 55. e6 fxe6 56. Rb7+ Kf8 57. g6 Rf4 58. g7+ Kg8 59. Kg6 Rg4+ 60. Kf6
e5 61. h5 e4 62. h6 e3 63. Rb8+ Kh7 64. Rh8# {Black checkmated} 1-0

[Event "Team 45 45 League T49"]
[Site "Internet Chess Club"]
[Date "2011.06.04"]
[Round "4"]
[White "BraafPaard"]
[Black "Signalman"]
[Result "1-0"]
[WhiteElo "1569"]
[BlackElo "1567"]
[Opening "King's gambit"]
[ECO "C30"]
[Time "09:01:50"]
[TimeControl "2700+45"]

1. e4 e5 2. f4 d6 3. Nf3 Nd7 4. Bc4 c6 5. Nc3 Ngf6 6. fxe5 dxe5 7. Ng5 Qe7 8.
Bxf7+ Kd8 9. Ne6+ Qxe6 10. Bxe6 Nc5 11. Bxc8 Rxc8 12. d3 Kc7 13. Be3 g6 14. Qf3
Ncd7 15. O-O-O h5 16. Bg5 Be7 17. h4 Rhf8 18. Qe2 Bc5 19. Be3 Be7 20. g3 Ng4 21.
Rhf1 Rg8 22. Bg1 b6 23. Rf7 Bf6 24. Rf1 g5 25. hxg5 Bxg5+ 26. Kb1 Bf6 27. Nd1
Rh8 28. Ne3 Nxe3 29. Bxe3 {Black resigns} 1-0

[Event "Team 45 45 League T49"]
[Site "Internet Chess Club"]
[Date "2011.06.08"]
[Round "4"]
[White "Walker42"]
[Black "QueensCounselor"]
[Result "1/2-1/2"]
[WhiteElo "2074"]
[BlackElo "2149"]
[Opening "Sicilian: dragon, Yugoslav attack, Rauser variation"]
[ECO "B76"]
[Time "12:00:24"]
[TimeControl "2700+45"]

1. e4 c5 2. Nf3 d6 3. d4 cxd4 4. Nxd4 Nf6 5. Nc3 g6 6. Be3 Bg7 7. Qd2 O-O 8. f3
Nc6 9. O-O-O Bd7 10. h4 a6 11. g4 Nxd4 12. Bxd4 b5 13. Kb1 e5 14. Be3 b4 15. Ne2
Be6 16. Nc1 a5 17. h5 d5 18. hxg6 fxg6 19. g5 d4 20. Bh3 Bxh3 21. gxf6 Qxf6 22.
Rxh3 dxe3 23. Qxe3 Rad8 24. Rdh1 h5 25. Rg1 Rd6 26. Rhg3 Kh7 27. Nd3 Qd8 28. Qe2
Re8 29. R3g2 Bh6 30. b3 Qc7 31. Nb2 Rd2 32. Qc4 Qxc4 33. Nxc4 Rxg2 34. Rxg2 Rf8
35. Nxe5 Bg7 36. Nxg6 Rxf3 37. Kc1 Re3 38. Kd2 Rxe4 39. Kd3 Rg4 40. Rxg4 hxg4
41. Nf4 Kh6 42. Ke4 Kg5 43. Ne6+ Kf6 44. Nxg7 {Game drawn by mutual agreement}
1/2-1/2

[Event "Team 45 45 League T49"]
[Site "Internet Chess Club"]
[Date "2011.06.07"]
[Round "4"]
[White "fledermaus"]
[Black "imgr8"]
[Result "1/2-1/2"]
[WhiteElo "2003"]
[BlackElo "2111"]
[Opening "QGD: Tarrasch, Prague variation, 9.Bg5"]
[ECO "D34"]
[Time "14:03:49"]
[TimeControl "2700+45"]

1. d4 d5 2. c4 e6 3. Nc3 c5 4. cxd5 exd5 5. Nf3 Nc6 6. g3 Nf6 7. Bg2 Be7 8. O-O
O-O 9. Bg5 c4 10. Ne5 Be6 11. Nxc6 bxc6 12. b3 Qa5 13. Qd2 Rad8 14. bxc4 dxc4
15. Bxc6 Qb6 16. Bg2 Rxd4 17. Qc2 Qa5 18. Be3 Bf5 19. Qb2 Rdd8 20. Qb5 Bb4 21.
Qxa5 Bxa5 22. Nb5 Nd5 23. Bc5 Rfe8 24. Nd6 Rxd6 25. Bxd6 Nc3 26. e4 Ne2+ 27. Kh1
Bxe4 28. Bxe4 Rxe4 29. Rab1 h6 30. Rb8+ Kh7 31. Rc8 c3 32. a3 Rd4 33. Bb4 Bxb4
34. axb4 Rxb4 35. Re1 Re4 36. Ra1 Rd4 37. Rxa7 Rd2 38. Rac7 Kg6 39. Kg2 f5 40.
h4 Kf6 41. Rc4 Ke5 42. R8c5+ Rd5 43. f4+ Ke6 44. Rc6+ Ke7 45. Rc7+ Ke6 46. Rxg7
Rd2 47. Rgc7 Nxf4+ 48. Kf3 Nd5 49. R7c6+ Ke5 50. Rxh6 Rd3+ 51. Kf2 Rd2+ 52. Ke1
Rg2 53. Rhc6 Rxg3 54. h5 Rh3 55. h6 f4 56. h7 Rxh7 57. Rxc3 Nxc3 58. Rxc3 Kd4
59. Ra3 Ke4 60. Kf2 Rh2+ 61. Kf1 Rb2 62. Rc3 Kf5 63. Ra3 Kg4 64. Rc3 Rb5 65. Kf2
Rh5 66. Ra3 Rh2+ 67. Kf1 Rh1+ 68. Kf2 Rc1 69. Rb3 Rc2+ 70. Kf1 Rc4 71. Kf2 f3
72. Rb8 Rc2+ 73. Kf1 {Game drawn by mutual agreement} 1/2-1/2

[Event "Team 45 45 League T49"]
[Site "Internet Chess Club"]
[Date "2011.06.03"]
[Round "4"]
[White "fishhead"]
[Black "irock"]
[Result "0-1"]
[WhiteElo "1838"]
[BlackElo "1826"]
[Opening "English: symmetrical variation"]
[ECO "A37"]
[Time "18:00:30"]
[TimeControl "2700+45"]

1. Nf3 c5 2. g3 g6 3. Bg2 Bg7 4. c4 Nc6 5. Nc3 d6 6. O-O e5 7. d3 Nge7 8. e4 O-O
9. h3 Be6 10. Ng5 Bd7 11. Nd5 Rb8 12. Bd2 a6 13. a4 b5 14. cxb5 axb5 15. a5 Nxd5
16. exd5 Nd4 17. b4 cxb4 18. Bxb4 Qxg5 19. Bxd6 Ra8 20. Bxf8 Bxf8 21. a6 Qf6 22.
Re1 Bg7 23. Qc1 Qb6 24. d6 Ra7 25. Bb7 Bf8 26. Qc7 Qxd6 27. Rac1 Nf3+ {White
resigns} 0-1

[Event "Team 45 45 League T49"]
[Site "Internet Chess Club"]
[Date "2011.06.06"]
[Round "4"]
[White "TheSleepingOne"]
[Black "Terte"]
[Result "1-0"]
[WhiteElo "2152"]
[BlackElo "1988"]
[Opening "Sicilian: accelerated fianchetto, Maróczy bind"]
[ECO "B36"]
[Time "14:02:56"]
[TimeControl "2700+45"]

1. e4 c5 2. Nf3 Nc6 3. d4 cxd4 4. Nxd4 g6 5. c4 Nf6 6. Nc3 d6 7. Be2 Nxd4 8.
Qxd4 Bg7 9. Bg5 O-O 10. Qd2 Be6 11. O-O Rc8 12. b3 a6 13. Rac1 Rc6 14. f3 Qb8
15. Rfe1 Rfc8 16. a4 Qa7+ 17. Be3 b6 18. a5 Nd7 19. Na4 Nc5 20. Nxb6 R8c7 21.
Rb1 Qb8 22. b4 Nd7 23. Nd5 Bxd5 24. exd5 Rxc4 25. Bxc4 Rxc4 26. Rec1 {Black
resigns} 1-0

[Event "Team 45 45 League T49"]
[Site "Internet Chess Club"]
[Date "2011.06.04"]
[Round "4"]
[White "Pason"]
[Black "Uragon-bocho"]
[Result "1-0"]
[WhiteElo "2048"]
[BlackElo "1959"]
[Opening "QGD: 4.Nf3"]
[ECO "D37"]
[Time "15:27:30"]
[TimeControl "2700+45"]

1. d4 Nf6 2. Nf3 e6 3. c4 d5 4. Nc3 a6 5. Bg5 Be7 6. e3 dxc4 7. Bxc4 b5 8. Bd3
Bb7 9. Rc1 Nbd7 10. O-O c5 11. Bb1 c4 12. Qe2 h6 13. Bh4 g5 14. Bg3 g4 15. Ne5
h5 16. Bh4 Qc7 17. f4 gxf3 18. Nxf3 Ng4 19. Bxe7 Bxf3 20. gxf3 Rg8 21. fxg4
Rxg4+ 22. Kh1 Kxe7 23. Qf3 Rf8 24. Rg1 Rfg8 25. Rcf1 f6 26. Rxg4 Rxg4 27. Rg1
Rh4 28. Qg3 Qb7+ 29. e4 Rg4 30. Qf3 Rxg1+ 31. Kxg1 Qb6 32. Ne2 Ne5 33. Qxh5 Nc6
34. Qc5+ Qxc5 35. dxc5 Ne5 36. Kf2 Nd7 37. c6 Ne5 38. Nd4 Kd6 39. h4 Nf7 40. c7
Kxc7 41. Nxe6+ Kd6 42. Nf4 Ke5 43. Ke3 Nh6 44. Ng6+ Ke6 45. Kf4 b4 46. a3 a5 47.
Bc2 Kd6 48. e5+ fxe5+ 49. Nxe5 Kc5 50. axb4+ axb4 51. Kg5 Ng8 52. Bg6 c3 53. b3
Kd5 54. Nd3 Kd4 55. Nxb4 Kc5 56. Nc2 {Black resigns} 1-0

[Event "Team 45 45 League T49"]
[Site "Internet Chess Club"]
[Date "2011.06.04"]
[Round "4"]
[White "Freitac"]
[Black "poni"]
[Result "0-1"]
[WhiteElo "1904"]
[BlackElo "1978"]
[Opening "Old Indian defense"]
[ECO "A42"]
[Time "09:10:59"]
[TimeControl "2700+45"]

1. d4 d6 2. c4 e5 3. Nf3 e4 4. Ng5 f5 5. Nc3 Be7 6. Nh3 c6 7. e3 Nf6 8. Nf4 O-O
9. h4 Na6 10. d5 Nc7 11. Be2 Bd7 12. b3 Be8 13. Bb2 Bf7 14. g4 fxg4 15. dxc6
bxc6 16. Bxg4 Nxg4 17. Qxg4 Bf6 18. O-O-O Qe7 19. Rhg1 Kh8 20. h5 d5 21. Ng6+
Bxg6 22. hxg6 h6 23. Rh1 Rad8 24. Qf4 Bg5 25. Qg3 Rf3 26. Qh2 Bf6 27. cxd5 Nxd5
28. Na4 Bxb2+ 29. Kxb2 Qf6+ 30. Kb1 Rxf2 31. Rxd5 Rxh2 32. Rxd8+ Qxd8 33. Rxh2
Qg5 34. Kc2 Qxg6 35. Nc3 h5 36. Ne2 Qf7 37. Ng3 g6 38. Ne2 Kg7 39. Nf4 Kh6 40.
Kc3 g5 41. Nh3 Qf6+ 42. Kc2 Qf3 43. Nf2 Qg3 {White resigns} 0-1

[Event "Team 45 45 League T49"]
[Site "Internet Chess Club"]
[Date "2011.06.04"]
[Round "4"]
[White "koni"]
[Black "gwolff"]
[Result "1-0"]
[WhiteElo "1913"]
[BlackElo "1917"]
[Opening "QGD Slav defense: exchange variation"]
[ECO "D10"]
[Time "04:07:08"]
[TimeControl "2700+45"]

1. d4 d5 2. c4 c6 3. cxd5 cxd5 4. Nc3 e6 5. Nf3 Nc6 6. Bg5 Be7 7. Bxe7 Qxe7 8.
e3 Nf6 9. Bd3 O-O 10. a3 a5 11. O-O Bd7 12. Rc1 Rfc8 13. Na4 Qd8 14. Qb3 Rcb8
15. Nc5 Be8 16. h3 b6 17. Na4 b5 18. Nc5 a4 19. Qd1 Qa5 20. Qe2 b4 21. Rc2 Na7
22. Rfc1 b3 23. Rc3 Bb5 24. Ne5 Rc8 25. Qf3 Rc7 26. Nxa4 Bxd3 27. Nxd3 Rxc3 28.
Nxc3 Rc8 29. Nc5 Nb5 30. Nxb3 Qa6 31. Qe2 Rc4 32. Nxb5 Qxb5 33. Rxc4 dxc4 34.
Nc5 Nd5 35. Qc2 h5 36. Ne4 h4 37. Nc3 Qa5 38. Qa4 Qc7 39. Nxd5 exd5 40. Qa8+ Kh7
41. Qxd5 c3 42. bxc3 Qxc3 43. Qxf7 Kh6 44. d5 g5 45. d6 Qa1+ 46. Kh2 Qe5+ 47. f4
Qxe3 48. Qf6+ Kh7 49. Qe7+ {Black resigns} 1-0

[Event "Team 45 45 League T49"]
[Site "Internet Chess Club"]
[Date "2011.06.03"]
[Round "4"]
[White "randallsr"]
[Black "civilization"]
[Result "0-1"]
[WhiteElo "1738"]
[BlackElo "1767"]
[Opening "English opening"]
[ECO "A05"]
[Time "12:16:25"]
[TimeControl "2700+45"]

1. Nf3 Nf6 2. c4 g6 3. b3 Bg7 4. Bb2 O-O 5. g3 d6 6. Bg2 Nbd7 7. O-O e5 8. d3 a6
9. Nbd2 Nc5 10. b4 Ncd7 11. Qc2 Re8 12. a4 Qe7 13. Rac1 Rb8 14. Rfe1 b6 15. Nb3
c5 16. Ba3 Bb7 17. Nh4 Bxg2 18. Nxg2 Qe6 19. e4 Qh3 20. f3 Qe6 21. Rb1 Rec8 22.
Nd2 Qe8 23. Ne3 Bh6 24. Nd5 Nxd5 25. exd5 Qf8 26. Ne4 f5 27. Nf2 Re8 28. Kg2 Qf7
29. b5 axb5 30. axb5 Ra8 31. Bc1 Bxc1 32. Qxc1 Ra7 33. Re2 Rea8 34. Nh3 Qf6 35.
Qh6 Qg7 36. Qd2 Nf8 37. Qc3 h6 38. f4 exf4 39. Qxg7+ Kxg7 40. Nxf4 Kf7 41. Rbe1
Ra2 42. Rxa2 Rxa2+ 43. Re2 Rxe2+ 44. Nxe2 g5 45. h3 Kf6 46. d4 Nd7 47. dxc5 dxc5
48. h4 Ke5 49. Kf3 Nf6 50. hxg5 hxg5 51. Ke3 Ne4 52. Ng1 Nxg3 53. Nf3+ Kf6 54.
d6 Ne4 55. Ne5 Ke6 56. d7 Ke7 57. Kd3 Nf6 58. Nf3 g4 59. Nh4 Nxd7 60. Nxf5+ Kf6
61. Ne3 g3 62. Ke4 Kg5 63. Kf3 g2 64. Kxg2 Kf4 65. Nd5+ Ke4 66. Kf2 Kd4 67. Ke2
Kxc4 68. Nc7 Nf6 69. Kd2 Nd5 70. Ne6 Kxb5 71. Kc2 Kb4 72. Kb2 b5 73. Kc2 Ne3+
74. Kb2 Nf5 75. Nf4 c4 76. Kc2 Nd4+ 77. Kb2 c3+ 78. Kc1 Kc4 79. Ng2 b4 80. Ne3+
Kd3 81. Nd5 b3 82. Nb4+ Kc4 83. Nc6 Nxc6 {White resigns} 0-1

[Event "Team 45 45 League T49"]
[Site "Internet Chess Club"]
[Date "2011.06.05"]
[Round "4"]
[White "Theodulf"]
[Black "Signalman"]
[Result "1-0"]
[WhiteElo "1674"]
[BlackElo "1555"]
[Opening "Ruy Lopez: modern Steinitz defense, Richter variation"]
[ECO "C73"]
[Time "07:35:24"]
[TimeControl "2700+45"]

1. e4 e5 2. Nf3 Nc6 3. Bb5 a6 4. Ba4 d6 5. Bxc6+ bxc6 6. d4 exd4 7. Qxd4 c5 8.
Qd3 Ne7 9. Bg5 Rb8 10. Nbd2 Bb7 11. O-O-O Qd7 12. Qc4 Qb5 13. Rhe1 f6 14. Bf4
Qxc4 15. Nxc4 Rd8 16. Bxd6 cxd6 17. Nxd6+ Rxd6 18. Rxd6 Ng6 19. Rb6 Bc8 20. e5
Be7 21. exf6 Kf7 22. fxe7 Nxe7 23. Rb8 Rd8 24. Ng5+ Ke8 25. Ne4 c4 26. Nd6+ Rxd6
27. Rxc8+ Kd7 28. Rxc4 a5 29. Rd1 g6 30. Rxd6+ Kxd6 31. Re4 Nc6 {Black resigns}
1-0

[Event "Team 45 45 League T49"]
[Site "Internet Chess Club"]
[Date "2011.06.04"]
[Round "4"]
[White "chrisgianno"]
[Black "allanchs"]
[Result "1/2-1/2"]
[WhiteElo "1549"]
[BlackElo "1516"]
[Opening "Queen's gambit declined"]
[ECO "D30"]
[Time "10:19:16"]
[TimeControl "2700+45"]

1. d4 d5 2. c4 e6 3. cxd5 exd5 4. Nc3 c6 5. Nf3 Nf6 6. Bg5 Be7 7. e3 Bf5 8. Qb3
Qb6 9. Be2 Qxb3 10. axb3 Nbd7 11. O-O Bc2 12. Bd1 Bxd1 13. Rfxd1 h6 14. Bh4 O-O
15. e4 g5 16. Nxg5 hxg5 17. Bxg5 Bd8 18. e5 Ne4 19. Bh6 Re8 20. Rd3 Re6 21. Bc1
Nxc3 22. bxc3 Rg6 23. f4 f5 24. Ba3 Nf8 25. Rf1 Bc7 26. Rh3 Kf7 27. Rh5 Ke6 28.
Rh8 Kf7 29. Rf3 Rg8 30. Rh5 Ke6 31. Rfh3 Rd8 32. Rh6+ Kd7 33. R3h5 Ne6 34. Rxf5
Rde8 35. Rf7+ Kc8 36. Rhh7 Bb6 37. f5 Ng5 38. Rxb7 Nxh7 39. Rxh7 Rh8 40. Rxh8
Rxh8 41. f6 Kd7 42. f7 Bd8 43. f8=Q Rxf8 44. Bxf8 Ke6 45. g4 Bg5 46. Kf2 a5 47.
Kg3 Bd2 48. c4 dxc4 49. bxc4 Bb4 50. Bh6 Bc3 51. Bc1 Bxd4 52. h4 Bxe5+ 53. Kf3
a4 54. g5 Bd6 55. Bb2 a3 56. Bxa3 Bxa3 57. Kg4 Bb2 58. h5 Kf7 59. Kf5 Kg7 60.
Ke6 c5 61. Kf5 Bd4 62. Kg4 Bc3 63. Kf5 Bd4 64. Ke6 Be3 65. Kd5 Bxg5 66. Kxc5 Kh6
67. Kd6 Bf4+ 68. Ke6 Kxh5 69. Kf5 Bh2 70. c5 Kh4 71. c6 Kh5 72. Ke4 Kg4 73. Kd5
Kf5 74. Kc5 Ke6 75. Kb6 Kd5 76. Kb7 Kc5 77. c7 Bxc7 {Game drawn because neither
player has mating material} 1/2-1/2

[Event "Team 45 45 League T49"]
[Site "Internet Chess Club"]
[Date "2011.06.06"]
[Round "4"]
[White "SugarIslander"]
[Black "mmf00"]
[Result "1-0"]
[WhiteElo "1705"]
[BlackElo "1860"]
[Opening "Nimzo-Indian: 4.e3 e8g8, 5.Nf3 d7d5"]
[ECO "E51"]
[Time "15:00:18"]
[TimeControl "2700+45"]

1. d4 Nf6 2. c4 e6 3. Nc3 Bb4 4. Nf3 d5 5. e3 O-O 6. a3 Bxc3+ 7. bxc3 b6 8. cxd5
exd5 9. Bd3 Ba6 10. O-O Bxd3 11. Qxd3 Re8 12. a4 Nc6 13. Ba3 Na5 14. Nd2 Qd7 15.
Bb4 Nc6 16. Rfc1 Ne4 17. Nxe4 dxe4 18. Qe2 Qf5 19. Qd2 Rad8 20. Qe1 Re6 21. Qe2
Rg6 22. Kh1 Qg5 23. f4 Qh4 24. Rg1 f5 25. a5 Rh6 26. g3 Qf6 27. axb6 cxb6 28. g4
fxg4 29. Rxg4 g6 30. f5 Qxf5 31. Rf1 Qe6 32. Rgf4 Nxb4 33. cxb4 Rh5 34. Qg2 Re8
35. Rf7 Qxf7 36. Rxf7 Kxf7 37. Qa2+ Kf8 38. Qxa7 b5 39. Qb7 Kg8 40. d5 Rd8 41.
d6 Kf8 42. Qe7+ Kg8 43. Qxd8+ Kg7 44. Qe7+ Kh6 45. d7 Rd5 46. d8=Q Rxd8 47. Qxd8
Kh5 48. Qd5+ {Black resigns} 1-0

[Event "Team 45 45 League T49"]
[Site "Internet Chess Club"]
[Date "2011.06.06"]
[Round "4"]
[White "dinosaurs01"]
[Black "oldsj"]
[Result "1-0"]
[WhiteElo "1482"]
[BlackElo "1586"]
[Opening "Bishop's opening: Berlin defense"]
[ECO "C24"]
[Time "13:14:04"]
[TimeControl "2700+45"]

1. e4 e5 2. Bc4 Nf6 3. d3 d5 4. exd5 Nxd5 5. Nf3 Nc6 6. O-O Bg4 7. Re1 Be7 8. h3
Bxf3 9. Qxf3 Nf6 10. Bb5 Qd6 11. Bxc6+ bxc6 12. Rxe5 O-O 13. Re1 Rfe8 14. Nc3
Nd5 15. Ne4 Qg6 16. Bd2 Rab8 17. Rab1 Bd6 18. Nc3 Nb4 19. Rxe8+ Rxe8 20. Rc1 Re6
21. a3 Na6 22. Re1 Rxe1+ 23. Bxe1 Qe6 24. Qe4 Qd7 25. b4 h6 26. Qc4 Qe7 27. Bd2
Nb8 28. Qg4 Nd7 29. Ne4 Be5 30. Bxh6 f5 31. Bg5 fxg4 32. Bxe7 gxh3 33. gxh3 Kf7
34. Bh4 Ke6 35. Kf1 Kd5 36. Ke2 Nb6 37. c4+ Nxc4 38. a4 Nb2 39. a5 Kd4 40. f4
Bxf4 41. Bf2+ Ke5 42. Bxa7 Na4 43. Bc5 Kd5 44. a6 Nb2 45. a7 {Black resigns} 1-0

[Event "Team 45 45 League T49"]
[Site "Internet Chess Club"]
[Date "2011.06.08"]
[Round "4"]
[White "rom1"]
[Black "amax1"]
[Result "1/2-1/2"]
[WhiteElo "1539"]
[BlackElo "1388"]
[Opening "Dutch defense"]
[ECO "A87"]
[Time "14:02:10"]
[TimeControl "2700+45"]

1. d4 f5 2. c4 g6 3. Nf3 Bg7 4. Nc3 Nf6 5. g3 O-O 6. Bg2 d6 7. O-O Be6 8. d5 Bf7
9. Ng5 h6 10. Nxf7 Rxf7 11. e4 c6 12. exf5 gxf5 13. Qc2 Qd7 14. Re1 cxd5 15.
cxd5 Na6 16. a3 Rc8 17. Be3 b6 18. Qd2 Ng4 19. Bd4 Bxd4 20. Qxd4 Ne5 21. f4 Rc4
22. Qd2 Ng4 23. Bf1 Qc7 24. Bxc4 Qxc4 25. h3 Nf6 26. Rac1 Nc5 27. Qe2 Nd3 28.
Rcd1 Qc5+ 29. Qe3 Nxe1 30. Rxe1 Qc4 31. Qe6 Qc5+ 32. Kg2 Qc4 33. Qxf5 Qb3 34.
Re2 Qc4 35. Qe6 Kf8 {Game drawn by mutual agreement} 1/2-1/2

[Event "Team 45 45 League T49"]
[Site "Internet Chess Club"]
[Date "2011.06.03"]
[Round "4"]
[White "anna"]
[Black "smsxman"]
[Result "1-0"]
[WhiteElo "1415"]
[BlackElo "1371"]
[Opening "Philidor: exchange variation"]
[ECO "C41"]
[Time "10:00:14"]
[TimeControl "2700+45"]

1. e4 e5 2. Nf3 d6 3. d4 exd4 4. Nxd4 Bd7 5. Nc3 Nc6 6. Nf3 Be7 7. Bc4 Nf6 8.
O-O O-O 9. Bf4 a6 10. a4 Bg4 11. h3 Bh5 12. g4 Bg6 13. Qe2 Re8 14. Rfd1 Bf8 15.
e5 Nd7 16. e6 fxe6 17. Bxe6+ Kh8 18. Qc4 Nc5 19. Bd5 Qf6 20. Bg5 Ne5 21. Bxf6
Nxc4 22. Bxc4 gxf6 23. Nd4 Bg7 24. Nd5 Rac8 25. Re1 c6 26. Ne7 Rcd8 27. Nxg6+
hxg6 28. Bf7 Rxe1+ 29. Rxe1 g5 30. b3 Nd7 31. Ne6 Rc8 32. Nxg7 Kxg7 33. Re7 Rd8
34. Be6+ Kf8 35. Rxd7 Rxd7 36. Bxd7 Ke7 37. Bc8 b5 38. Bxa6 bxa4 39. bxa4 c5 40.
c4 Kd7 41. a5 Kc7 42. Bb5 Kb7 43. Kf1 Ka7 44. Ke2 {Black resigns} 1-0

[Event "Team 45 45 League T49"]
[Site "Internet Chess Club"]
[Date "2011.06.06"]
[Round "4"]
[White "BotanicalKnight"]
[Black "ElMarginal"]
[Result "1/2-1/2"]
[WhiteElo "1640"]
[BlackElo "1577"]
[Opening "Scandinavian (center counter) defense"]
[ECO "B01"]
[Time "20:02:03"]
[TimeControl "2700+45"]

1. e4 d5 2. e5 c5 3. f4 e6 4. d3 Ne7 5. g3 Nbc6 6. Nc3 Nf5 7. Nf3 Be7 8. Bg2 a6
9. Bd2 b5 10. a3 Bb7 11. Rc1 Qb6 12. O-O c4+ 13. Kh1 Rd8 14. Qe1 Bc5 15. g4 Ne3
16. Bxe3 Bxe3 17. Rd1 Bxf4 18. d4 g5 19. Qf2 O-O 20. Ne2 {Game drawn by mutual
agreement} 1/2-1/2

[Event "Team 45 45 League T49"]
[Site "Internet Chess Club"]
[Date "2011.06.05"]
[Round "4"]
[White "Timotheous"]
[Black "Monsieur"]
[Result "1-0"]
[WhiteElo "1727"]
[BlackElo "1530"]
[Opening "Réti opening"]
[ECO "A04"]
[Time "20:00:34"]
[TimeControl "2700+45"]

1. Nf3 e5 2. Nxe5 Nc6 3. Nxc6 dxc6 4. d3 Bc5 5. e3 Nf6 6. Nd2 Bg4 7. Nf3 O-O 8.
Be2 Re8 9. O-O Re7 10. c4 a6 11. Rb1 Ba7 12. b4 Rd7 13. Ne5 Bxe2 14. Qxe2 Rd6
15. c5 Rd5 16. Bb2 Qe7 17. d4 Re8 18. Rfe1 Nd7 19. Nxd7 Qxd7 20. Rbd1 Rg5 21.
Qf3 Re6 22. g3 Rh6 23. Bc1 Rh3 24. Kg2 Rf5 25. Qe4 Rfh5 26. Rh1 f5 27. Qf3 g5
28. Kg1 g4 29. Qg2 Qd5 30. Qxd5+ cxd5 31. Rd3 c6 32. a4 Bb8 33. b5 axb5 34. axb5
cxb5 35. Rb3 Rh6 36. Rxb5 Rc6 37. Rxb7 Bc7 38. Ra7 h5 39. Bd2 h4 40. Ba5 hxg3
41. Bxc7 gxf2+ 42. Kxf2 Rf3+ 43. Ke2 Re6 44. Be5 f4 45. Ra3 Kf7 46. Rd3 Ra6 47.
Bxf4 Ke6 48. Rd2 Kf5 49. Bg3 Ke4 50. Bf4 Re6 51. Rg1 Kf5 52. Be5 Rg6 53. Rg3 Ke4
54. Bf4 Rg8 55. Rd1 Ra8 56. Rd2 Rg8 57. c6 Rxg3 58. Bxg3 Rh8 59. c7 Rh7 60. c8=Q
Rxh2+ 61. Bxh2 {Black resigns} 1-0

[Event "Team 45 45 League T49"]
[Site "Internet Chess Club"]
[Date "2011.06.05"]
[Round "4"]
[White "Salvatore"]
[Black "bayoumicardio10"]
[Result "0-1"]
[WhiteElo "1575"]
[BlackElo "1685"]
[Opening "Queen's pawn game"]
[ECO "A45"]
[Time "18:13:26"]
[TimeControl "2700+45"]

1. d4 Nf6 2. Nc3 g6 3. Bg5 Bg7 4. e4 d6 5. Qd2 a6 6. O-O-O b5 7. f3 Nc6 8. Bh6
Bxh6 9. Qxh6 b4 10. Nd5 e6 11. Qg7 exd5 12. Qxh8+ Ke7 13. Qxd8+ Kxd8 14. exd5
Nxd5 15. Bc4 Ne3 16. Bxf7 Nxd1 17. Kxd1 Nxd4 18. Ne2 Nxe2 19. Kxe2 Bf5 20. Kd2
Ke7 21. Bd5 Rd8 22. Re1+ Kf8 23. g4 Bd7 24. Re4 a5 25. Rf4+ Kg7 26. Rf7+ Kh6 27.
h4 g5 28. Rf6+ Kg7 29. hxg5 Rf8 30. Rh6 c6 31. Be4 d5 32. Rxh7+ Kg8 33. Bxd5+
Kxh7 {White resigns} 0-1

[Event "Team 45 45 League T49"]
[Site "Internet Chess Club"]
[Date "2011.06.05"]
[Round "4"]
[White "Innes"]
[Black "Berke"]
[Result "1-0"]
[WhiteElo "1638"]
[BlackElo "1597"]
[Opening "Danish gambit"]
[ECO "C21"]
[Time "15:00:30"]
[TimeControl "2700+45"]

1. e4 e5 2. d4 exd4 3. c3 Nc6 4. cxd4 d5 5. e5 Bb4+ 6. Nc3 Be6 7. Nf3 f6 8. Bb5
a6 9. Bxc6+ bxc6 10. O-O fxe5 11. Nxe5 Qh4 12. Nxc6 Bd6 13. Ne5 Bxe5 14. dxe5
Ne7 15. Qa4+ Qxa4 16. Nxa4 Bd7 17. Nc5 Bb5 18. Re1 O-O 19. e6 Rf5 20. a4 Bc6 21.
b4 d4 22. Bb2 Rd5 23. Rad1 Rad8 24. a5 Bb5 25. Re4 d3 26. Rd2 Re8 27. Rf4 h6 28.
Rf7 {Black resigns} 1-0

[Event "Team 45 45 League T49"]
[Site "Internet Chess Club"]
[Date "2011.06.06"]
[Round "4"]
[White "krysto"]
[Black "gandre"]
[Result "1/2-1/2"]
[WhiteElo "1624"]
[BlackElo "1724"]
[Opening "QGD: Cambridge Springs defense, Bogolyubov variation"]
[ECO "D52"]
[Time "18:00:39"]
[TimeControl "2700+45"]

1. d4 d5 2. c4 e6 3. Nc3 Nf6 4. Bg5 Nbd7 5. e3 c6 6. Nf3 Qa5 7. Nd2 Bb4 8. Qc2
O-O 9. Be2 dxc4 10. Bh4 b5 11. a3 Bb7 12. O-O Bd6 13. b3 cxb3 14. Nxb3 Qc7 15.
h3 a6 16. Bf3 Rab8 17. Rfc1 c5 18. Bxb7 Rxb7 19. Nxc5 Nxc5 20. dxc5 Qxc5 21.
Bxf6 gxf6 22. Ne4 Qxc2 23. Rxc2 Be5 24. Rac1 f5 25. Nc5 Ra7 26. Nb3 a5 27. Rc5
Bb2 28. R1c2 Bxa3 29. Rxb5 a4 30. Na5 Rfa8 31. Ra2 Rxa5 32. Rxa5 Rxa5 33. Rxa3
Kf8 34. Kf1 Ke7 35. Ke2 Kd6 36. Kd3 Kc5 37. Kc3 Kb5 38. Ra1 Kc5 39. Ra2 Ra6 40.
Rb2 Rb6 41. Rxb6 Kxb6 42. Kb4 Kc6 43. Kxa4 Kc5 44. Kb3 Kd5 45. Kc3 Kc5 46. Kd3
Kd5 47. f3 h5 48. h4 f6 49. e4+ fxe4+ 50. fxe4+ Ke5 51. Ke3 f5 52. exf5 Kxf5 53.
Kf3 e5 54. g3 e4+ 55. Ke3 Kg4 56. Kxe4 Kxg3 57. Kf5 Kxh4 58. Kf4 Kh3 59. Kf3 h4
60. Kf2 Kh2 61. Kf1 Kg3 62. Kg1 h3 63. Kh1 h2 {White stalemated} 1/2-1/2

[Event "Team 45 45 League T49"]
[Site "Internet Chess Club"]
[Date "2011.06.02"]
[Round "4"]
[White "MCJR"]
[Black "milesotoole"]
[Result "1/2-1/2"]
[WhiteElo "1443"]
[BlackElo "1552"]
[Opening "Queen's pawn game"]
[ECO "A46"]
[Time "21:47:08"]
[TimeControl "2700+45"]

1. d4 Nf6 2. Nf3 e6 3. Bf4 c5 4. c3 b6 5. e3 Bb7 6. Nbd2 Be7 7. h3 cxd4 8. exd4
O-O 9. Bd3 d6 10. Bc2 Nbd7 11. O-O Qc7 12. Re1 b5 13. Qe2 a6 14. Bb3 Nb6 15.
Bxe6 Rfe8 16. Bb3 Nfd5 17. Bh2 Qd7 18. Qd3 Rac8 19. Bc2 Nf6 20. Ng5 h6 21. Nh7
g6 22. Nxf6+ Bxf6 23. Nf3 Nd5 24. Qd2 Kg7 25. Rxe8 Rxe8 26. Re1 Rc8 27. a3 Nb6
28. Bb3 Bxf3 29. gxf3 Qxh3 30. Bxd6 Qxf3 31. Qf4 Qxf4 32. Bxf4 Nc4 33. Bxc4 bxc4
34. d5 g5 35. Be5 Rc5 36. Bxf6+ Kxf6 37. Rd1 Rb5 38. Rd2 h5 39. d6 Rb8 40. d7
Rd8 41. f3 Ke6 42. Rd4 Rxd7 43. Rxc4 Rd1+ 44. Kf2 Rd2+ 45. Ke3 Rxb2 46. Rc6+ Kf5
47. Rc5+ Kg6 48. Rc6+ f6 49. Rxa6 h4 50. Ra8 {Game drawn by mutual agreement}
1/2-1/2